 Dungeon Crawl Stone Soup version 0.17.2-1-ge4368a0 (webtiles) character file.

166 tidbits the Insei (level 5, -5/39 HPs)
             Began as a Demigod Transmuter on Sept 22, 2017.
             Slain by an ogre
             ... wielding a +0 giant spiked club
              (21 damage)
             ... on level 4 of the Dungeon.
             The game lasted 00:07:25 (1299 turns).

tidbits the Insei (Demigod Transmuter)              Turns: 1299, Time: 00:07:25

Health: -5/39      AC:  2    Str: 13    XL:     5   Next: 2%
Magic:  6/12       EV: 20    Int: 19    God:
Gold:   127        SH:  0    Dex: 21    Spells: 3 memorised, 4 levels left

rFire  . . .     SeeInvis .       - Unarmed
rCold  . . .     Clarity  .     (armour currently unavailable)
rNeg   . . .     SustAt   +     (shield currently unavailable)
rPois  x         Gourm    .     (helmet currently unavailable)
rElec  .         Spirit   .     (cloak currently unavailable)
rCorr  .         Warding  .     (gloves currently unavailable)
rMut   .         Stasis   .     (boots currently unavailable)
MR     .....                    (no amulet)
Stlth  ++........               (no ring)
                                (no ring)

@: spider-form (expiring), not resistant to hostile enchantments, unstealthy
A: high mp 1, sustain attributes
a: End Transformation


You were on level 4 of the Dungeon.
You were hungry.
You were a venomous arachnid creature.
You visited 1 branch of the dungeon, and saw 4 of its levels.

You collected 127 gold pieces.

Inventory:

Missiles
 a - 31 arrows
 e - 56 stones (quivered)
 f - 10 silver sling bullets
 r - 14 sling bullets
Armour
 b - a +0 robe (melded)
 n - a +0 ring mail of cold resistance
   (You found it on level 1 of the Dungeon)
 t - a cursed +0 chain mail
   (You found it on level 3 of the Dungeon)
 C - a +1 cloak (melded)
   (You found it on level 1 of the Dungeon)
Wands
 w - a wand of random effects (18)
   (You found it on level 4 of the Dungeon)
Scrolls
 j - a scroll of identify {unknown}
 l - 2 scrolls of blinking {unknown}
 m - a scroll of enchant weapon {unknown}
 v - a scroll of random uselessness {unknown}
Potions
 h - a potion of lignification {unknown}
 i - a potion of invisibility {unknown}
 o - a potion of might {unknown}
 p - a potion of magic {unknown}
 q - 2 potions of mutation {unknown}
 u - a potion of degeneration {unknown}
Books
 c - a book of Changes

   Spells                             Type                      Level
   a - Beastly Appendage              Transmutation                1
   b - Sticks to Snakes               Transmutation                2
   c - Spider Form                    Transmutation/Poison         3
   d - Ice Form                       Ice/Transmutation            4
   e - Blade Hands                    Transmutation                5
 g - a book of Callings
   (You found it on level 3 of the Dungeon)

   Spells                             Type                      Level
   a - Summon Small Mammal            Summoning                    1
   b - Call Imp                       Summoning                    2
   c - Call Canine Familiar           Summoning                    3
   d - Summon Guardian Golem          Hexes/Summoning              3
   e - Summon Lightning Spire         Summoning/Air                4
   f - Summon Ice Beast               Ice/Summoning                4
Comestibles
 d - 4 bread rations
 k - 2 meat rations
 s - a slice of pizza


   Skills:
 - Level 0.8 Fighting
 - Level 2.0 Dodging
 + Level 3.7 Unarmed Combat
 + Level 3.1 Spellcasting
 + Level 3.0 Transmutations


You had 4 spell levels left.
You knew the following spells:

 Your Spells              Type           Power        Failure   Level  Hunger
e - Beastly Appendage     Trmt           ##....       17%         1    None
k - Sticks to Snakes      Trmt           ##........   24%         2    ##.....
p - Spider Form           Trmt/Pois      #.........   50%         3    ###....


Dungeon Overview and Level Annotations

Branches:
Dungeon (4/15)
 Temple: D:4-7


Innate Abilities, Weirdness & Mutations

You have an increased reservoir of magic (+10% MP).
Your attributes are resistant to harm.


Message History

The kobold throws a stone.
The stone hits you.
You see here 29 stones.
Your transformation has ended.
Your +1 cloak unmelds from your body.
Your +0 robe unmelds from your body.
The kobold closely misses you.
You miss the kobold. The kobold hits you.
An ooze comes into view.
Casting: Spider Form
Confirm with . or Enter, or press ? or * to list all spells.
You turn into a venomous arachnid creature.
Your +1 cloak melds into your body.
Your +0 robe melds into your body.
The ooze quivers.
The kobold completely misses you.
You completely miss the kobold. The kobold completely misses you.
You closely miss the kobold. The kobold barely misses you.
You hit the kobold.
The kobold is poisoned.
The kobold is moderately wounded.
The kobold closely misses you.
You hit the kobold.
The kobold is heavily wounded.
You barely miss the kobold.
The kobold is heavily wounded.
The kobold hits you.
Your magical contamination has completely faded away.
You hit the kobold but do no damage.
The kobold looks even sicker.
The kobold is severely wounded.
You kill the kobold!
You bite the ooze!
The ooze is heavily wounded.
The ooze misses you.
You hit the ooze.
The ooze is poisoned.
The ooze is severely wounded.
You kill the ooze!
Your Transmutations skill increases to level 3!
You have reached level 5!
Things that are here:
3 stones; a kobold corpse Your transformation is almost over.
A hobgoblin comes into view.
Your transformation has ended.
Your +1 cloak unmelds from your body.
Your +0 robe unmelds from your body.
Casting: Spider Form
Confirm with . or Enter, or press ? or * to list all spells.
You grow a pair of large bovine horns.
The hobgoblin closely misses you.
You barely miss the hobgoblin. You headbutt the hobgoblin.
You kill the hobgoblin!
You see here a hobgoblin corpse.
Your transformation is almost over.
Your horns disappear.
You see here a hobgoblin corpse.
A kobold comes into view.
The kobold shouts!
Casting: Beastly Appendage
Confirm with . or Enter, or press ? or * to list all spells.
You miscast Spider Form.
You are very lightly contaminated with residual magic.
You feel odd. The kobold hits you.
Casting: Spider Form
Confirm with . or Enter, or press ? or * to list all spells.
You turn into a venomous arachnid creature.
Your +1 cloak melds into your body.
Your +0 robe melds into your body.
You are feeling hungry.
Your transformation is almost over.
The kobold completely misses you.
You hit the kobold.
The kobold is poisoned.
The kobold is almost dead.
You kill the kobold!
There is a stone staircase leading down here.
You climb downwards.
There is a stone staircase leading up here.
Your transformation has ended.
Your +1 cloak unmelds from your body.
Your +0 robe unmelds from your body.
Eat which item? (? for menu, Esc to quit)
Okay, then.
Found a bread ration.
You open the door.
There is an open door here.
Found 12 stones.
Found a crooked silver wand.
Found 10 sling bullets.
Your magical contamination has completely faded away.
d - 4 bread rations (gained 1)
An ogre comes into view. It is wielding a giant spiked club.
The ogre shouts!
You see here a crooked silver wand.
w - a wand of random effects
Casting: Spider Form
Confirm with . or Enter, or press ? or * to list all spells.
You turn into a venomous arachnid creature.
Your +1 cloak melds into your body.
Your +0 robe melds into your body.
You barely miss the ogre.
The ogre hits you with a giant spiked club!!
Ouch! That really hurt!
* * * LOW HITPOINT WARNING * * *
Your transformation is almost over.
You bite the ogre!
The ogre is poisoned.
The ogre is moderately wounded.
The ogre hits you with a giant spiked club!!
Ouch! That really hurt!
You die...

#######............#
≈≈≈≈≈≈≈............# ..
#######............#
...#.... #............#
...###.###............#
...#.#..............#
#.#.#..+#######+####
#..........(....
...#.....Os.......
#..............
+.......###+###
#.......# #.......+
#.......# #########


You could see an ogre.

Vanquished Creatures
  3 orc wizards (D:3)
  2 adders
  An ooze (D:3)
  2 worms (D:3)
  2 giant geckos
  5 orcs (D:3)
  A ball python (D:1)
  7 bats
  A giant cockroach (D:3)
  3 goblins
  4 hobgoblins
  4 jackals (D:1)
  A giant newt (D:2)
  5 kobolds
  7 rats
48 creatures vanquished.

Vanquished Creatures (collateral kills)
  An adder (D:3)
  A kobold (D:3)
2 creatures vanquished.

Grand Total: 50 creatures vanquished

Notes
Turn   | Place    | Note
--------------------------------------------------------------
     0 | D:1      | tidbits the Demigod Transmuter began the quest for the Orb.
     0 | D:1      | Reached XP level 1. HP: 15/15 MP: 5/5
    65 | D:1      | Reached skill level 2 in Dodging
    86 | D:1      | Reached skill level 2 in Spellcasting
   278 | D:1      | Reached XP level 2. HP: 19/22 MP: 5/7
   507 | D:2      | Reached skill level 3 in Unarmed Combat
   507 | D:2      | Reached skill level 2 in Transmutations
   511 | D:2      | Learned a level 2 spell: Sticks to Snakes
   543 | D:2      | Found a snail-covered altar of Cheibriados.
   543 | D:2      | Found a bloodstained altar of Trog.
   581 | D:2      | Reached XP level 3. HP: 27/27 MP: 7/9
   586 | D:2      | Learned a level 3 spell: Spider Form
   864 | D:3      | Found a blossoming altar of Fedhas.
   875 | D:3      | Reached XP level 4. HP: 34/34 MP: 3/10
   880 | D:3      | Found a stormy altar of Qazlal.
  1023 | D:3      | Reached skill level 3 in Spellcasting
  1181 | D:3      | Reached skill level 3 in Transmutations
  1181 | D:3      | Reached XP level 5. HP: 26/39 MP: 1/12
  1290 | D:4      | Noticed an ogre
  1299 | D:4      | Slain by an ogre

Action                   |  1- 3 |  4- 6 || total
-------------------------+-------+-------++-------
Melee: Unarmed           |    95 |    46 ||   141
Throw: Stone             |       |     1 ||     1
 Cast: Beastly Appendage |    16 |     2 ||    18
       Spider Form       |     7 |     8 ||    15
       Sticks to Snakes  |     1 |     2 ||     3
  Use: Potion            |     1 |       ||     1
 Stab: Sleeping          |     1 |     1 ||     2
       Distracted        |       |     1 ||     1
  Eat: Chunk             |     1 |     2 ||     3

Table legend:
 A = Turns spent in this place as a percentage of turns spent in the entire game.
 B = Non-inter-level travel turns spent in this place as a percentage of non-inter-level travel turns spent in the entire game.
 C = Inter-level travel turns spent in this place as a percentage of turns spent in this place.
 D = Turns resting spent in this place as a percentage of non-inter-level travel turns spent in this place.
 E = Turns spent auto-exploring this place as a percentage of non-inter-level travel turns spent in this place.
 F = Non-inter-level travel turns spent in this place divided by the number of levels of this place that you've seen.
                   A       B       C       D       E      F
               +-------+-------+-------+-------+-------+----------------------
         Total | 100.0 | 100.0 |   0.3 |   0.0 |   0.0 | 248.2
       Dungeon | 100.0 | 100.0 |   0.3 |   0.0 |   0.0 | 248.2
               +-------+-------+-------+-------+-------+----------------------

Table legend:
 A = Kills in this place as a percentage of kills in entire the game.
 B = Kills by you in this place as a percentage of kills by you in the entire game.
 C = Kills by friends in this place as a percentage of kills by friends in the entire game.
 D = Other kills in this place as a percentage of other kills in the entire game.
 E = Experience gained in this place as a percentage of experience gained in the entire game.
 F = Experience gained in this place divided by the number of levels of this place that you have seen.
                   A       B       C       D       E      F
               +-------+-------+-------+-------+-------+----------------------
         Total | 100.0 | 100.0 | 100.0 |  -nan | 100.0 |  59.5
       Dungeon | 100.0 | 100.0 | 100.0 |  -nan | 100.0 |  59.5
               +-------+-------+-------+-------+-------+----------------------

Vault maps used:
D:1:      nicolae_arrival_washed_ashore
D:2:      lemuel_round_altar, gammafunk_temple_overflow_elements
D:3:      grunt_temple_overflow_forces_of_nature, led_sif_book
D:4:      first_bread, grunt_decor_cap
